 Dungeon Crawl Stone Soup version 0.29.0-7-g18a832c13a (webtiles) character file.

Game seed: 16293689681566145579

21 RedRedRas the Grave Robber (level 2, 24/24 HPs)
             Began as a Hill Orc Necromancer on Aug 30, 2022.
             Was a Follower of Elyvilon.
             Quit the game on level 1 of the Dungeon.
             The game lasted 00:05:24 (918 turns).

RedRedRas the Grave Robber (Hill Orc Necromancer)    Turns: 918, Time: 00:05:25

Health: 24/24      AC:  2    Str: 10    XL:     2   Next: 87%
Magic:  3/5        EV: 12    Int: 15    God:    Elyvilon [*.....]
Gold:   37         SH:  0    Dex: 17    Spells: 4/5 levels left

rFire   . . .      SeeInvis .   p - +0 dagger
rCold   + . .      Faith    .   (no shield)
rNeg    . . .      Spirit   .   a - +0 robe
rPois   .          Reflect  .   (no helmet)
rElec   .          Harm     .   (no cloak)
rCorr   .          Rampage  .   (no gloves)
Will    .....                   (no boots)
Stlth   ++........              (no amulet)
HPRegen 0.08/turn               f - ring of protection from cold
MPRegen 0.09/turn               k - +6 ring of dexterity

@: no status effects
A: no striking features
a: Renounce Religion, Purification


You were on level 1 of the Dungeon.
You worshipped Elyvilon.
Elyvilon was aware of your devotion.
You visited 1 branch of the dungeon, and saw 1 of its levels.

You collected 37 gold pieces.

Inventory:

Hand Weapons
 p - a +0 dagger (weapon)
   (You found it on level 1 of the Dungeon)
Missiles
 c - a throwing net {!f}
 d - 20 stones
Armour
 a - a +0 robe (worn)
 l - a +0 chain mail
   (You found it on level 1 of the Dungeon)
 o - a +0 ring mail
   (You found it on level 1 of the Dungeon)
Jewellery
 f - a ring of protection from cold (left hand)
   (You found it on level 1 of the Dungeon)
 h - a ring of ice
   (You found it on level 1 of the Dungeon)
 k - a +6 ring of dexterity (right hand)
   (You found it on level 1 of the Dungeon)
Scrolls
 e - a scroll of summoning {unknown}
 m - 2 scrolls of identify {unknown}
 n - a scroll of noise {unknown}
 q - a scroll of amnesia {unknown}
Potions
 b - a potion of magic
 g - 3 potions of brilliance {unknown}
 i - a potion of invisibility {unknown}
 j - a potion of curing {unknown}
 r - 2 potions of attraction {unknown}


   Skills:
 + Level 2.3 Fighting
 - Level 1.5 Dodging
 - Level 1.5 Stealth
 - Level 2.0 Spellcasting
 - Level 4.0 Necromancy


You had 4 spell levels left.
You knew the following spells:

 Your Spells              Type           Power      Damage    Failure   Level
a - Necrotise             Necr           52%        1d6       4%          1

Your spell library contained the following spells:

 Spells                   Type           Power      Damage    Failure   Level
 Vampiric Draining        Necr           13%        2d6       13%         3
 Animate Dead             Necr           13%        N/A       38%         4
 Agony                    Necr           13%        N/A       75%         5


Dungeon Overview and Level Annotations

Branches:
Dungeon (1/15) Zot: 5083

Altars:
Elyvilon


Message History

Aim: an endoplasm (heavily wounded, chance to affect: 83%)
The endoplasm writhes in agony.
Casting: Necrotise (safe; 4% risk of failure)
Confirm with . or Enter, or press ? or * to list all spells.
Aiming: Necrotise (safe; 4% risk of failure)
Press: ? - help, Shift-Dir - straight line, f/p - endoplasm
Aim: an endoplasm (almost dead, chance to affect: 83%)
You miscast Necrotise.
You are very lightly contaminated with residual magic.
Nothing appears to happen.
Casting: Necrotise (safe; 4% risk of failure)
Confirm with . or Enter, or press ? or * to list all spells.
Aiming: Necrotise (safe; 4% risk of failure)
Press: ? - help, Shift-Dir - straight line, f/p - endoplasm
Aim: an endoplasm (almost dead, chance to affect: 83%)
The endoplasm writhes in agony.
You kill the endoplasm!
Your magical contamination has completely faded away.
Found a dagger.
Found a scroll labelled IXEYM XUGANAFF.
You see here a +0 dagger.
p - a +0 dagger
q - a scroll labelled IXEYM XUGANAFF
There are no items here.
p - a +0 dagger (weapon)
A rat comes into view.
Casting: Necrotise (safe; 4% risk of failure)
Confirm with . or Enter, or press ? or * to list all spells.
Aiming: Necrotise (safe; 4% risk of failure)
Press: ? - help, Shift-Dir - straight line, f - rat
Aim: a rat (chance to affect: 83%)
The rat writhes in agony.
Casting: Necrotise (safe; 4% risk of failure)
Confirm with . or Enter, or press ? or * to list all spells.
Aiming: Necrotise (safe; 4% risk of failure)
Press: ? - help, Shift-Dir - straight line, f/p - rat
Aim: a rat (heavily wounded, chance to affect: 83%)
The rat barely resists.
The rat barely misses you.
Casting: Necrotise (safe; 4% risk of failure)
Confirm with . or Enter, or press ? or * to list all spells.
Aiming: Necrotise (safe; 4% risk of failure)
Press: ? - help, Shift-Dir - straight line, f/p - rat
Aim: a rat (heavily wounded, chance to affect: 83%)
The rat writhes in agony.
You kill the rat!
The dead are walking!
You swap places.
Found a stone staircase leading down.
Your rat skeleton crumbles into dust!
There is a stone staircase leading down here.
r - 2 silvery potions
d - 20 stones (gained 5)
A kobold comes into view. It is wielding a +0 dagger.
Casting: Necrotise (safe; 4% risk of failure)
Confirm with . or Enter, or press ? or * to list all spells.
Aiming: Necrotise (safe; 4% risk of failure)
Press: ? - help, Shift-Dir - straight line, f - kobold
Aim: a kobold, wielding a +0 dagger (asleep, chance to affect: 83%)
The kobold writhes in agony.
You kill the kobold!
The dead are walking!
You swap places.
You see here a +0 dagger.
There is a stone staircase leading down here.
Found a faded altar of an unknown god.
A frilled lizard comes into view.
Casting: Necrotise (safe; 4% risk of failure)
Confirm with . or Enter, or press ? or * to list all spells.
Aiming: Necrotise (safe; 4% risk of failure)
Press: ? - help, Shift-Dir - straight line, f - frilled lizard
Aim: a frilled lizard (chance to affect: 83%)
The frilled lizard barely resists.
Casting: Necrotise (safe; 4% risk of failure)
Confirm with . or Enter, or press ? or * to list all spells.
Aiming: Necrotise (safe; 4% risk of failure)
Press: ? - help, Shift-Dir - straight line, f/p - frilled lizard
Aim: a frilled lizard (chance to affect: 83%)
The frilled lizard writhes in agony.
Casting: Necrotise (safe; 4% risk of failure)
Confirm with . or Enter, or press ? or * to list all spells.
Aiming: Necrotise (safe; 4% risk of failure)
Press: ? - help, Shift-Dir - straight line, f/p - frilled lizard
Aim: a frilled lizard (heavily wounded, chance to affect: 83%)
The frilled lizard writhes in agony.
You kill the frilled lizard!
The dead are walking!
You swap places.
There is a faded altar of an unknown god here.
You cannot tell which god this altar belongs to.
Convert to them anyway?
Okay, then.
You cannot tell which god this altar belongs to.
Convert to them anyway?
Elyvilon accepts your prayer! Elyvilon welcomes you!
You can now purify yourself.
Casting: Necrotise (safe; 4% risk of failure)
Confirm with . or Enter, or press ? or * to list all spells.
Okay, then.
Are you sure you want to abandon this character and quit the game? (Confirm with "yes".)
Okay, then.
Are you sure you want to abandon this character and quit the game? (Confirm with "yes".)

#####.## #...........
.......# #..#.#######
#####..# #..#.# # #..#
#####.^#.#
#####..##########.......#.#
.......................##.#
###.###.######............#
#.#.#........⌠.⌠########
#.....####....@.# ###.....#
##..Z..#
#....>..#####.....#
#.##....#........⌠#
#.###.#.#.##....### #.#
#.#.# ###### #.###.#.#
......#.# #.#####..


You could see a friendly frilled lizard skeleton.

Vanquished Creatures
  A dart slug (D:1)
  4 endoplasms (D:1)
  A giant cockroach (D:1)
  A hobgoblin (D:1)
  2 quokkas (D:1)
  A ball python (D:1)
  A bat (D:1)
  4 frilled lizards (D:1)
  A kobold (D:1)
  2 rats (D:1)
18 creatures vanquished.

Vanquished Creatures (collateral kills)
  A giant cockroach (D:1)
1 creature vanquished.

Grand Total: 19 creatures vanquished

Notes
Turn   | Place    | Note
-------+----------+-------------------------------------------
     0 | D:1      | RedRedRas the Hill Orc Necromancer began the quest for the
                  | Orb.
     0 | D:1      | Reached XP level 1. HP: 14/14 MP: 3/3
   252 | D:1      | Reached skill level 2 in Spellcasting
   252 | D:1      | Reached skill level 1 in Fighting
   252 | D:1      | Reached XP level 2. HP: 21/23 MP: 0/5
   311 | D:1      | You miscast Necrotise.
   539 | D:1      | Reached skill level 2 in Fighting
   696 | D:1      | You miscast Necrotise.
   903 | D:1      | Found a faded altar of an unknown god.
   916 | D:1      | Prayed at the altar of an unknown god.
   916 | D:1      | Became a worshipper of Elyvilon the Healer
   916 | D:1      | Reached * piety under Elyvilon
   918 | D:1      | Quit the game

Illustrated notes

Levels and vault maps discovered:
D:1:      minmay_arrival_arboretum_small, layout_loops_ring,
          hellmonk_ecumenical_altar_run_dry

Skill      XL: |  1  2 |
---------------+-------+-----
Spellcasting   | 2 |  2.0
Fighting       | 1 2 |  2.3
Dodging        | |  1.5
Stealth        | |  1.5
Necromancy     | |  4.0

Action                   || total
-------------------------++-------
Melee: Unarmed           ||    13
 Cast: Necrotise         ||    35
Armor: Robe              ||     2
Dodge: Dodged            ||     9
